 Dungeon Crawl Stone Soup version 0.31-a0-851-g7ff8af7976 (webtiles) character file.

Game seed: 7041956801173650162

3108 Hubris850 the Cleaver (level 9, -2/69 HPs)
             Began as a Black Draconian Venom Mage on Oct 6, 2023.
             Was a Follower of Nemelex Xobeh.
             Slain by an orc warlord
             ... wielding a +4 battleaxe
              (29 damage)
             ... in a bailey.
             The game lasted 00:20:34 (6568 turns).

Hubris850 the Cleaver (Black Draconian Venom Mage)  Turns: 6568, Time: 00:20:35

Health: -2/69      AC:  9    Str: 14    XL:     9   Next: 60%
Magic:  12/12      EV: 12    Int: 17    God:    Nemelex Xobeh [*.....]
Gold:   290        SH: 11    Dex: 20    Spells: 11/12 levels left

rFire   . . .        B - +8 hand axe of Conscience {distort, rPois Str+3 Dex+6}
rCold   . . .        g - +0 kite shield
rNeg    . . .        (body armour unavailable)
rPois   +            (helmet restricted)
rElec   +            o - +0 cloak
rCorr   .            (no gloves)
SInv    .            y - +0 pair of boots
Will    .....        (no amulet)
Stlth   ++           (no ring)
HPRegen 0.31/turn    (no ring)
MPRegen 0.13/turn

%: no passive effects
@: mighty
A: breathe lightning, AC +7, unfitting armour, electricity resistance,
cold-blooded
a: Breathe Lightning, Renounce Religion, Draw Escape, Draw Destruction, Draw
Summoning


You were in a bailey.
You worshipped Nemelex Xobeh.
Nemelex Xobeh was aware of your devotion.
You visited 2 branches of the dungeon, and saw 8 of its levels.
You also visited: Ossuary and Bailey.

You collected 290 gold pieces.

Inventory:

Hand Weapons
 f - a +2 quarterstaff of chaos
 h - a +0 dagger
 m - a +7 club
 B - the +8 hand axe of Conscience (weapon) {distort, rPois Str+3 Dex+6}
   (You found it on level 5 of the Dungeon)

   Str+3:     It affects your strength (+3).
   Dex+6:     It affects your dexterity (+6).
   rPois:     It protects you from poison
Missiles
 b - 15 poisoned darts
 k - 3 javelins
Armour
 g - a +0 kite shield (worn)
 o - a +0 cloak (worn)
 y - a +0 pair of boots (worn)
Talismans
 t - a serpent talisman
 u - a maw talisman
 w - a flux talisman
Wands
 A - a wand of charming (7)
 D - a wand of flame (17)
Scrolls
 c - a scroll of summoning
 e - 2 scrolls of immolation
 r - 2 scrolls of poison
 s - 4 scrolls of teleportation
 v - 2 scrolls of vulnerability
 x - 4 scrolls of fear
 C - a scroll of revelation
 E - 2 scrolls of blinking {unknown}
 F - a scroll of amnesia
 J - a scroll of brand weapon {unknown}
Potions
 a - 5 potions of magic
 d - 3 potions of enlightenment
 i - 3 potions of brilliance {unknown}
 j - a potion of ambrosia {unknown}
 l - 2 potions of curing
 n - 4 potions of mutation {unknown}
 p - a potion of lignification {unknown}
 q - 2 potions of heal wounds {unknown}
 G - 2 potions of berserk rage {unknown}
 H - 3 potions of cancellation {unknown}
 I - 2 potions of invisibility {unknown}
 K - a potion of haste {unknown}


   Skills:
 - Level 3.0 Fighting
 + Level 9.4(9.8) Axes
 - Level 4.1(7.3) Maces & Flails
 - Level 3.5 Dodging
 - Level 1.7 Stealth
 - Level 6.0 Shields
 - Level 3.6 Unarmed Combat
 - Level 2.0 Spellcasting
 - Level 1.0 Transmutations
 - Level 3.0 Poison Magic


You had 11 spell levels left.
You knew the following spells:

 Your Spells              Type           Power      Damage    Failure   Level
a - Sting                 Tmut/Pois      32%        1d4       24%         1

Your spell library contained the following spells:

 Spells                   Type           Power      Damage    Failure   Level
 Poisonous Vapours        Pois/Air       12%        N/A       41%         2
 Necrotise                Necr           4%         1d4       47%         1
 Mephitic Cloud           Conj/Pois/Air  5%         N/A       71%         3
 Olgreb's Toxic Radiance  Pois           11%        N/A       83%         4
 Call Canine Familiar     Summ           1%         N/A       85%         3
 Sigil of Binding         Hex            1%         N/A       85%         3
 Vampiric Draining        Necr           1%         2d6       85%         3
 Dimensional Bullseye     Hex/Tloc       0%         N/A       99%         4
 Leda's Liquefaction      Hex/Erth       0%         N/A       99%         4
 Agony                    Necr           1%         N/A       100%        5


Dungeon Overview and Level Annotations

Branches:
Dungeon (7/15)             Temple (1/1) D:6         Ossuary (visited)
 Bailey (1/1)

Altars:
Ashenzari
Cheibriados
Dithmenos
Elyvilon
Fedhas
Gozag
Hepliaklqana
Kikubaaqudgha
Makhleb
Nemelex Xobeh
Okawaru
Qazlal
Ru
Trog
Uskayaw
Vehumet
Wu Jian
Xom
Yredelemnul
Zin
The Shining One

Portals:
Abyss: D:4

Annotations:
D:4 2 transporters, kd29's ghost, amateur MfSu


Innate Abilities, Weirdness & Mutations

You can breathe wild blasts of lightning.
Your glossy black scales are hard. (AC +7)
You cannot fit into any form of body armour.
You are resistant to electric shocks. (rElec)
You are cold-blooded and may be slowed by cold attacks.


Message History

You slice the goblin!!
You kill the goblin!
You barely miss the orc warlord. The orc warlord barely misses you.
You barely miss the orc warlord. The orc warlord closely misses you.
You slash the orc warlord!
The orc warlord is lightly wounded.
The orc warlord blinks!
You closely miss the orc warrior.
The orc warrior is lightly wounded.
You block the orc warrior's attack.
You slice the orc warrior!!
The orc warrior is devoured by a tear in reality.
You closely miss the orc warrior.
The orc warrior is moderately wounded.
The orc warrior hits you with a +0 war axe!
You hit the orc warlord.
The orc warlord is lightly wounded.
You closely miss the orc warrior.
The orc warlord blinks!
You block the orc warrior's attack.
You slash the orc warrior!
Space warps horribly around the orc warrior!!
You kill the orc warrior!
The orc no longer looks unusually strong.
The orc warlord roars a battlecry!
The orc goes into a battle-frenzy!
You hit the orc.
The orc is devoured by a tear in reality.
You slash the orc warlord!
Space warps horribly around the orc warlord!!
The orc warlord is moderately wounded.
You barely miss the hobgoblin.
The orc warlord hits you with a +4 battleaxe!!
The hobgoblin hits you with a +0 hand axe.
You slash the orc warlord!
The orc warlord is heavily wounded.
You slash the hobgoblin!
You kill the hobgoblin!
The orc warlord hits you with a +4 battleaxe!!
You die...
Your body disappears without a glow.

)........#)..........#
)........#...........#
........###.........###
#.....###.###.....#'#.###
###.###
....###.###))...### ..###
......###....)....## ...#
......##8..........# ...#
......)#8..........# ...#
......§)@o...⌠....∩# ...#
......)#8..........# ...#
......##8..........#
..###
......###.........##
###.###
....###.###.....###
#.....###.###....)#'#.###
........###......)..###
.........#.......))..#
.........#...........#


You could see an orc warlord.

Vanquished Creatures
  Sigmund (D:2)
  A steam dragon (D:7)
  An acid dragon (D:5)
  9 orc warriors
  2 ogres
  A centaur (D:4)
  An elf zombie (Ossuary)
  2 phantoms
  2 kobold brigands (D:6)
  A bullfrog (D:7)
  A scorpion (D:5)
  4 wights (D:6)
  A howler monkey (D:6)
  2 human zombies (Ossuary)
  Crazy Yiuf (D:3)
  3 orc priests
  Terence (D:2)
  2 orc wizards
  2 mummies (Ossuary)
  Robin (D:2)
  10 gnolls (Bailey)
  5 adders
  An ufetubus (D:5)
  2 adder zombies (Ossuary)
  3 dart slugs
  26 orcs
  2 ball pythons
  5 bats
  11 endoplasms
  2 giant cockroaches
  22 goblins
  14 hobgoblins
  2 jackals (D:5)
  3 quokkas
  2 frilled lizards
  11 hobgoblin zombies (Ossuary)
  2 jackal zombies (Ossuary)
  13 kobolds
  7 kobold zombies (Ossuary)
  9 orc zombies (Ossuary)
  9 rats
  2 rat zombies (Ossuary)
202 creatures vanquished.

Notes
Turn   | Place    | Note
-------+----------+-------------------------------------------
     0 | D:1      | Hubris850 the Draconian Venom Mage began the quest for the
                  | Orb.
     0 | D:1      | Reached XP level 1. HP: 14/14 MP: 3/3
   427 | D:1      | Reached XP level 2. HP: 22/22 MP: 1/5
   522 | D:1      | Reached skill level 1 in Fighting
   535 | D:1      | Reached skill level 1 in Unarmed Combat
  1060 | D:2      | Found a faded altar of an unknown god.
  1076 | D:2      | Reached XP level 3. HP: 28/28 MP: 1/6
  1101 | D:2      | Noticed Robin
  1110 | D:2      | Killed Robin
  1257 | D:2      | Noticed Terence
  1276 | D:2      | Killed Terence
  1277 | D:2      | Reached XP level 4. HP: 13/36 MP: 2/7
  1586 | D:2      | Noticed Sigmund
  1602 | D:2      | Killed Sigmund
  1603 | D:2      | Reached XP level 5. HP: 20/45 MP: 2/8
  2430 | D:3      | Reached XP level 6. HP: 51/51 MP: 9/9
  2723 | D:3      | Found a runed translucent door.
  2724 | D:3      | Noticed Crazy Yiuf
  2733 | D:3      | Killed Crazy Yiuf
  2734 | D:3      | Reached skill level 1 in Maces & Flails
  2825 | D:4      | Found a one-way gate to the infinite horrors of the Abyss.
  2825 | D:4      | Noticed kd29's ghost (amateur MfSu)
  2886 | D:4      | Found a transporter.
  2892 | D:4      | Found a transporter.
  2902 | D:4      | Reached skill level 1 in Shields
  3116 | D:4      | Found an ornate altar of the Wu Jian Council.
  3117 | D:4      | Found a glowing silver altar of Zin.
  3162 | D:4      | Found a sacrificial altar of Ru.
  3163 | D:4      | Found a stormy altar of Qazlal.
  3163 | D:4      | Found an ancient bone altar of Kikubaaqudgha.
  3172 | D:4      | Found an opulent altar of Gozag.
  3395 | D:5      | Entered Level 5 of the Dungeon
  3410 | D:5      | Your scales start taking on a glossy black colour.
  3410 | D:5      | Reached XP level 7. HP: 57/57 MP: 4/10
  3410 | D:5      | Gained mutation: You are resistant to electric shocks.
                  | (rElec) [Black Draconian growth]
  4076 | D:5      | Identified the +8 hand axe of Conscience {distort, rPois
                  | Str+3 Dex+6}
  4092 | D:5      | Found a radiant altar of Vehumet.
  4112 | D:5      | Reached skill level 1 in Axes
  4526 | D:6      | Reached skill level 2 in Axes
  4526 | D:6      | Reached XP level 8. HP: 43/62 MP: 11/11
  4537 | D:6      | Reached skill level 5 in Shields
  4558 | D:6      | Reached skill level 3 in Axes
  4930 | D:6      | Found a shimmering altar of Xom.
  4932 | D:6      | Found a shimmering altar of Xom.
  4932 | D:6      | Found a broken altar of Ashenzari.
  4934 | D:6      | Found a glowing silver altar of Zin.
  4934 | D:6      | Found a snail-covered altar of Cheibriados.
  4934 | D:6      | Found a shimmering blue altar of Sif Muna.
  5029 | D:6      | Reached skill level 4 in Axes
  5119 | D:6      | Found a staircase to the Ecumenical Temple.
  5143 | Temple   | Entered the Ecumenical Temple
  5317 | Temple   | Became a worshipper of Nemelex Xobeh the Trickster
  5641 | D:6      | Found a broken altar of Ashenzari.
  5765 | D:7      | Reached skill level 5 in Axes
  5900 | D:7      | Found a sand-covered staircase.
  5906 | Ossuary  | Entered an ossuary
  6011 | Ossuary  | Reached skill level 6 in Axes
  6107 | D:7      | Reached XP level 9. HP: 58/69 MP: 12/12
  6118 | D:7      | Found a flagged portal.
  6129 | Bailey   | Entered a bailey
  6162 | Bailey   | Reached * piety under Nemelex Xobeh
  6200 | Bailey   | Reached skill level 7 in Axes
  6302 | Bailey   | Reached skill level 8 in Axes
  6548 | Bailey   | Noticed an orc warlord
  6554 | Bailey   | Reached skill level 9 in Axes
  6568 | Bailey   | Slain by an orc warlord

Illustrated notes

Levels and vault maps discovered:
D:1:      dpeg_arrival_round_c, layout_loops_ring
D:2:      layout_loops_ring, ebering_ecumenical_altar_box,
          roderic_roman_lattice, minmay_rat_gold_closets, uniq_robin,
          uniq_terence, uniq_sigmund
D:3:      layout_basic, uniq_crazy_yiuf_cottage
D:4:      layout_rooms, minitemple, gammafunk_ghost_abyssal_escape,
          chequers_serial_rivers_room_a
D:5:      layout_cave_pools, overflow_temple_1_default
D:6:      layout_loops_cross, doesnt_xom_only_xom, lemuel_tele_altar,
          temple_green, minivault_23, hangedman_decor_points
D:7:      layout_basic, nicolae_sif_muna_condensation, enter_bailey_2,
          lightli_ossuary_entry_decrepit_ruins
Temple:   nicolae_temple_slightly_damp_pantheon
Bailey:   bailey_axe_minmay_hex_keep, bailey

Skill      XL: |  1  2  3  4  5  6  7  8  9 |
---------------+----------------------------+-----
Dodging        | 2 3 |  3.5
Fighting       | 1 2 3 |  3.0
Unarmed Combat | 1 2 3 |  3.6
Maces & Flails | 2 4 |  4.1
Shields        | 2 4 6 |  6.0
Axes           | 2 6 9 |  9.4
Stealth        | |  1.7
Spellcasting   | |  2.0
Transmutations | |  1.0
Poison Magic   | |  3.0

Action                     |  1- 3 |  4- 6 |  7- 9 || total
---------------------------+-------+-------+-------++-------
  Melee: Unarmed           |     8 |       |       ||     8
         Tailslap          |     6 |    10 |    31 ||    47
         Dagger            |    63 |       |       ||    63
         Club              |    11 |    96 |    27 ||   134
         Punch             |       |     1 |       ||     1
         Hand axe          |       |       |   201 ||   201
  Throw: Dart              |       |     3 |       ||     3
   Cast: Sting             |    39 |     9 |    10 ||    58
    Use: Scroll            |       |    13 |     2 ||    15
         Potion            |       |     1 |     2 ||     3
   Stab: Sleeping          |     1 |    10 |     2 ||    13
 Armour: Skin              |    41 |    59 |    88 ||   188
  Dodge: Dodged            |    56 |    68 |    85 ||   209
  Block: Kite shield       |       |    17 |    98 ||   115

Table legend: (Time is in decaauts)
 A = Elapsed time spent in this place.
 B = Non-inter-level travel time spent in this place.
 C = Inter-level travel time spent in this place.
 D = Time resting spent in this place.
 E = Time spent auto-exploring this place.
 F = Levels seen in this place.
 G = Mean time per level.
                   A        B        C        D        E       F      G
               +--------+--------+--------+--------+--------+-----+--------+
         Total |   6651 |   6471 |    180 |   1361 |   3351 |  10 |  665.1 |
       Dungeon |   5813 |   5654 |    159 |   1143 |   3351 |   7 |  830.4 |
        Temple |    195 |    174 |     21 |      0 |      0 |   1 |  195.0 |
       Ossuary |    199 |    199 |      0 |      0 |      0 |   1 |  199.0 |
        Bailey |    442 |    442 |      0 |    218 |      0 |   1 |  442.0 |
               +--------+--------+--------+--------+--------+-----+--------+

Top non-repeatable levels by time:
     D:2: 1200 daAuts
     D:6: 1129 daAuts
     D:5: 981 daAuts
     D:1: 858 daAuts
     D:3: 749 daAuts
     D:4: 630 daAuts
  Bailey: 442 daAuts
     D:7: 264 daAuts
 Ossuary: 199 daAuts
  Temple: 195 daAuts
